 Dungeon Crawl Stone Soup version 0.28-a0-750-g7c675f85b1 (webtiles) character file.

Game seed: 2145418898521561254

14 KoroneIsBestGirl the Chiller (level 2, -2/19 HPs)
             Began as a Barachi Ice Elementalist on Oct 29, 2021.
             Slain by a quokka (3 damage)
             ... on level 2 of the Dungeon.
             The game lasted 00:00:57 (1011 turns).

KoroneIsBestGirl the Chiller (BaIE)                 Turns: 1011, Time: 00:00:58

Health: -2/19      AC:  2    Str:  9    XL:     2   Next: 41%
Magic:  4/5        EV: 12    Int: 15    God:
Gold:   72         SH:  0    Dex: 12    Spells: 5/6 levels left

rFire   . . .      SeeInvis .   c - +0 falchion
rCold   . . .      Faith    .   (no shield)
rNeg    . . .      Spirit   .   a - +0 robe
rPois   .          Reflect  .   (no helmet)
rElec   .          Harm     .   (no cloak)
rCorr   .          Rampage  .   (no gloves)
Will    .....                   (no boots)
Stlth   ++........              (no amulet)
HPRegen 0.06/turn               (no ring)
MPRegen 0.09/turn               (no ring)

@: slow
A: amphibious, slowness 1, strong legs 1, +LOS
a: Hop


You were on level 2 of the Dungeon.
You visited 1 branch of the dungeon, and saw 2 of its levels.

You collected 72 gold pieces.

Inventory:

Hand Weapons
 c - a +0 falchion (weapon)
Armour
 a - a +0 robe (worn)
Scrolls
 b - a scroll of identify {unknown}
Potions
 d - a potion of mutation {unknown}
 e - a potion of degeneration {unknown}


   Skills:
 + Level 2.6 Dodging
 - Level 1.7 Stealth
 + Level 2.5 Spellcasting
 + Level 5.1 Ice Magic


You had 5 spell levels left.
You knew the following spells:

 Your Spells              Type           Power      Damage    Failure   Level
a - Freeze                Ice            68%        1d8       2%          1

Your spell library contained the following spells:

 Spells                   Type           Power      Damage    Failure   Level
 Frozen Ramparts          Ice            34%        1d5       8%          3
 Ozocubu's Armour         Ice            17%        N/A       8%          3
 Hailstorm                Conj/Ice       9%         3d4       58%         4
 Fulminant Prism          Conj/Hex       0%         3d6       91%         4
 Iskenderun's Mystic Bla  Conj/Tloc      1%         2d3       91%         4
 Lee's Rapid Deconstruct  Erth           0%         3d5*      99%         5


Dungeon Overview and Level Annotations

Branches:
Dungeon (2/15)

Altars:


Innate Abilities, Weirdness & Mutations

You are amphibious.
You cover ground slowly.
You can hop short distances.
You have an extended range of vision and can be seen from far away.


Message History

The quokka twitches its whiskers.
You barely miss the quokka. The quokka bites you.
You hit the quokka.
The quokka is lightly wounded.
The quokka barely misses you. The quokka bites you.
You barely miss the quokka.
The quokka is lightly wounded.
The quokka bites you. The goblin barely misses you.
You closely miss the quokka.
The quokka is lightly wounded.
The quokka barely misses you. The goblin closely misses you.
The quokka completely misses you.
You barely miss the quokka.
The quokka is lightly wounded.
The goblin barely misses you. The quokka barely misses you.
The goblin closely misses you.
You closely miss the quokka.
The quokka is lightly wounded.
The quokka barely misses you. The goblin hits you with a +0 dagger.
The quokka bites you but does no damage.
You hit the quokka.
The quokka is severely wounded.
The quokka misses you. The goblin hits you but does no damage.
You miss the quokka.
The quokka is severely wounded.
The quokka bites you. The goblin hits you with a +0 dagger.
The quokka bites you.
* * * LOW HITPOINT WARNING * * *
The goblin hits you with a +0 dagger.
* * * LOW HITPOINT WARNING * * *
Okay, then.
Casting: Freeze (safe; 2% risk of failure)
Confirm with . or Enter, or press ? or * to list all spells.
Aiming: Freeze (safe; 2% risk of failure)
Press: ? - help, Shift-Dir - straight line, f - quokka
Aim: a quokka (severely wounded)
You freeze the quokka.
The quokka is almost dead.
The quokka bites you.
You die...

#...#.### #.......
###..#.####.#.
+.............
####.#........
#########.######.#.
.........†.......#
#.#########.#########
.".....r@g..........
#.##.######.########
...g ...... ##.###.#
#.# # ... #.# .#


You could see a quokka and a goblin.

Vanquished Creatures
  2 bats (D:1)
  2 endoplasms (D:1)
  A giant cockroach (D:1)
  A goblin (D:1)
  2 hobgoblins (D:1)
  2 frilled lizards (D:1)
  3 rats
13 creatures vanquished.

Notes
Turn   | Place    | Note
-------+----------+-------------------------------------------
     0 | D:1      | KoroneIsBestGirl the Barachi Ice Elementalist began the
                  | quest for the Orb.
     0 | D:1      | Reached XP level 1. HP: 13/13 MP: 3/3
   229 | D:1      | Reached skill level 5 in Ice Magic
   229 | D:1      | Reached XP level 2. HP: 19/19 MP: 0/5
  1011 | D:2      | Slain by a quokka

Illustrated notes

Levels and vault maps discovered:
D:1:      psy_arrival_conway, layout_loops_ring, serial_bayou_lagoon_a,
          st_stairs_5
D:2:      layout_basic, serial_shops, shop, hangedman_abyss_or_decor_stabs

Skill      XL: |  1 |
---------------+----+-----
Ice Magic      | 5 |  5.1
Dodging        | |  2.6
Stealth        | |  1.7
Spellcasting   | |  2.5

Action                   || total
-------------------------++-------
Melee: Unarmed           ||    10
       Falchion          ||    23
 Cast: Freeze            ||     8
 Stab: Sleeping          ||     2
Armor: Robe              ||     8
Dodge: Dodged            ||    22

Table legend: (Time is in decaauts)
 A = Elapsed time spent in this place.
 B = Non-inter-level travel time spent in this place.
 C = Inter-level travel time spent in this place.
 D = Time resting spent in this place.
 E = Time spent auto-exploring this place.
 F = Levels seen in this place.
 G = Mean time per level.
                   A        B        C        D        E       F      G
               +--------+--------+--------+--------+--------+-----+--------+
         Total |   1139 |   1115 |     24 |      0 |    998 |   2 |  569.5 |
       Dungeon |   1139 |   1115 |     24 |      0 |    998 |   2 |  569.5 |
               +--------+--------+--------+--------+--------+-----+--------+

Top non-repeatable levels by time:
     D:1: 1113 daAuts
     D:2: 26 daAuts
